 Dungeon Crawl Stone Soup version 0.27-a0-1548-gf8a67e7463 (webtiles) character file.

Game seed: 3926035729879082693

6610 Exaltedone87 the Carver (level 10, -3/85 HPs)
             Began as a Palentonga Fighter on July 14, 2021.
             Was a Follower of Wu Jian.
             Slain by a wyvern (5 damage)
             ... on level 9 of the Dungeon.
             The game lasted 00:25:46 (12048 turns).

Exaltedone87 the Carver (Palentonga Fighter)       Turns: 12048, Time: 00:25:46

Health: -3/85      AC: 18    Str: 19    XL:     10   Next: 71%
Magic:  10/10      EV: 11    Int: 10    God:    Wu Jian [*.....]
Gold:   669        SH: 10    Dex: 18    Spells: 9/9 levels left

rFire    . . .     SeeInvis +   e - +1 long sword (freeze)
rCold    . . .     Faith    .   c - +0 kite shield
rNeg     + . .     Spirit   .   z - +2 leather armour
rPois    .         Reflect  .   m - +2 helmet
rElec    .         Harm     .   n - +0 cloak "Hear" {Will+ Dex+6 Stlth+}
rCorr    .         Rampage  .   (no gloves)
Will     +....                  (no barding)
Stlth    ++........             (no amulet)
HPRegen  0.24/turn              r - ring of positive energy
MPRegen  0.12/turn              g - ring of flight

@: flying, curled up
A: large, rugged brown scales 3, see invisible, deformed body, roll 1, armoured
tail, reflexive curl
a: Rolling Charge, Renounce Religion


You were on level 9 of the Dungeon.
You worshipped Wu Jian.
Wu Jian was aware of your devotion.
You visited 2 branches of the dungeon, and saw 10 of its levels.

You collected 669 gold pieces.

Inventory:

Hand Weapons
 e - a +1 long sword of freezing (weapon)
Missiles
 s - 2 throwing nets
Armour
 b - a +2 hat
 c - a +0 kite shield (worn)
 m - a +2 helmet (worn)
 n - the +0 cloak "Hear" (worn) {Will+ Dex+6 Stlth+}
   (You acquired it on level 7 of the Dungeon)

   Dex:       It affects your dexterity (+6).
   Will:      It increases your willpower.
   Stlth:     It makes you more stealthy.
 z - a +2 leather armour (worn)
Jewellery
 g - a ring of flight (right hand)
 r - a ring of positive energy (left hand)
 w - an amulet of magic regeneration
Wands
 j - a wand of iceblast (6)
 A - a wand of acid (9)
 B - a wand of charming (10)
Scrolls
 l - 5 scrolls of teleportation
 t - a scroll of amnesia
 u - a scroll of magic mapping
 v - a scroll of enchant weapon
 x - a scroll of fog
 y - 2 scrolls of identify
Potions
 a - 3 potions of curing
 d - 4 potions of might
 f - 2 potions of brilliance
 i - 3 potions of flight
 q - a potion of berserk rage


   Skills:
 + Level 8.0 Fighting
 * Level 10.6 Long Blades
 - Level 6.0 Armour
 + Level 6.0 Dodging
 + Level 3.6 Shields


You had 9 spell levels left.
You didn't know any spells.
Your spell library contained the following spells:

 Spells                   Type           Power      Damage    Failure   Level
 Animate Skeleton         Necr           0%         N/A       80%         1
 Apportation              Tloc           0%         N/A       80%         1
 Corona                   Hex            0%         N/A       80%         1
 Summon Small Mammal      Summ           0%         N/A       80%         1
 Corpse Rot               Necr/Air       N/A        N/A       91%         2
 Sublimation of Blood     Necr           0%         N/A       91%         2
 Wereblood                Tmut           0%         N/A       91%         2
 Conjure Flame            Conj/Fire      0%         6-21      99%         3
 Ignite Poison            Fire/Tmut/Pois 0%         N/A       99%         3
 Dispel Undead            Necr           0%         3d6       100%        4
 Sticky Flame             Conj/Fire      0%         2d3       100%        4
 Death Channel            Necr           0%         N/A       100%        6
 Summon Hydra             Summ           0%         N/A       100%        7


Dungeon Overview and Level Annotations

Branches:
Dungeon (9/15)             Temple (1/1) D:6             Orc (0/2) D:9
   Lair: D:8-11

Altars:
Ashenzari
Cheibriados
Dithmenos
Elyvilon
Fedhas
Gozag
Hepliaklqana
Kikubaaqudgha
Makhleb
Nemelex Xobeh
Okawaru
Qazlal
Ru
Sif Muna
Trog
Uskayaw
Vehumet
Wu Jian
Xom
Yredelemnul
Zin
The Shining One


Innate Abilities, Weirdness & Mutations

You are completely covered in rugged brown scales. (AC +3, +7% HP)
You have supernaturally acute eyesight. (SInv)
Armour fits poorly on your strangely shaped body.
You can roll at nearby foes to attack.
You have a long armoured tail.
You curl defensively after being hit.


Message History

You closely miss the kobold. You tail-slap the kobold.
You kill the kobold!
The Council accepts your kill.
The wyvern hisses menacingly.
The kobold misses you.
You slash the kobold! You freeze the kobold.
You kill the kobold!
The Council accepts your kill. The wyvern bites you!
You closely miss the wyvern. You tail-slap the wyvern!
The wyvern is moderately wounded.
You feel yourself speed up. The wyvern completely misses you.
You block the wyvern's attack. The wyvern bites you!
You hit the wyvern but do no damage.
Your tail-slap misses the wyvern.
The wyvern is moderately wounded.
You block the wyvern's attack.
You closely miss the wyvern.
Your tail-slap misses the wyvern.
The wyvern is moderately wounded.
The wyvern bites you.
* * * LOW HITPOINT WARNING * * *
The wyvern closely misses you.
You riposte.
You hit the wyvern. You freeze the wyvern. You tail-slap the wyvern!
The wyvern is almost dead.
You closely miss the wyvern.
The wyvern is almost dead.
The wyvern bites you!
* * * LOW HITPOINT WARNING * * *
The wyvern misses you.
Unknown command.
You closely miss the wyvern.
The wyvern is almost dead.
The wyvern closely misses you.
Unknown command.
You closely miss the wyvern.
The wyvern is almost dead.
The wyvern bites you!
* * * LOW HITPOINT WARNING * * *
The wyvern bites you.
You die...

...<...........# #...#
#### ...............#
####.######...
......>........#
#........#..##
..............##
#..........##.
........#...##
#.(......####.
####...###### #........#
#. ###. #........# #.
#.###########...÷†...###..
#.......l@................
......#.###...###†.######.
###?. #......## ##†#......
#.. ####....####.#.####.
... ##....#..........###
## ###..##.####.......#
######...###.#.........)#
#...#...........#......<#
#...#.#.........#########


You could see a wyvern.

Vanquished Creatures
  2 two-headed ogres
  Pikel (D:5)
  A wraith (D:6)
  A wyvern (D:9)
  5 yaks
  A steam dragon (D:8)
  2 acid dragons (D:9)
  An orc warrior (D:7)
  6 water moccasins
  A sky beast (D:8)
  2 black bears
  4 centaurs
  3 ogres
  A lemure (D:5)
  A kobold brigand (D:9)
  2 bullfrogs (D:6)
  2 scorpions
  A water moccasin zombie (D:6)
  5 killer bees (D:9)
  10 wights
  2 howler monkeys (D:7)
  2 bullfrog zombies (D:6)
  2 hounds
  2 centaur skeletons
  A gnoll shaman (D:9)
  4 orc priests
  7 orc wizards
  3 iguanas (D:5)
  A killer bee zombie (D:8)
  11 gnolls
  5 adders
  A shadow imp (D:6)
  3 white imps
  4 worms (D:2)
  A dart slug (D:2)
  18 orcs
  5 ball pythons
  5 endoplasms
  A giant cockroach (D:1)
  11 goblins
  5 hobgoblins
  3 jackals (D:1)
  12 kobolds
  5 quokkas
  7 bats
  A frilled lizard (D:1)
  4 rats
178 creatures vanquished.

Notes
Turn   | Place    | Note
-------+----------+-------------------------------------------
     0 | D:1      | Exaltedone87 the Palentonga Fighter began the quest for the
                  | Orb.
     0 | D:1      | Reached XP level 1. HP: 19/19 MP: 1/1
   218 | D:1      | Reached XP level 2. HP: 20/25 MP: 2/2
  1452 | D:2      | Reached XP level 3. HP: 26/31 MP: 3/3
  1477 | D:2      | Found a faded altar of an unknown god.
  1640 | D:2      | Reached skill level 1 in Dodging
  1684 | D:2      | Reached skill level 3 in Long Blades
  2492 | D:3      | Reached XP level 4. HP: 29/37 MP: 4/4
  2984 | D:3      | Reached XP level 5. HP: 30/43 MP: 5/5
  3913 | D:4      | Reached skill level 4 in Long Blades
  4121 | D:4      | Reached XP level 6. HP: 43/51 MP: 6/6
  4836 | D:5      | Entered Level 5 of the Dungeon
  4875 | D:5      | Reached skill level 5 in Long Blades
  4879 | D:5      | Gained mutation: You curl defensively after being hit.
                  | [Palentonga growth]
  4879 | D:5      | Reached XP level 7. HP: 56/58 MP: 7/7
  5758 | D:5      | Noticed a +0 dagger
  5759 | D:5      | Found a hide-covered altar of Uskayaw.
  5760 | D:5      | Noticed a +0 dagger
  5938 | D:5      | Noticed Pikel
  5979 | D:5      | Killed Pikel
  5980 | D:5      | Reached skill level 5 in Fighting
  5980 | D:5      | Reached skill level 6 in Long Blades
  5980 | D:5      | Reached XP level 8. HP: 10/67 MP: 8/8
  6688 | D:6      | Reached skill level 7 in Long Blades
  7180 | D:6      | Reached skill level 5 in Armour
  7184 | D:6      | Reached XP level 9. HP: 56/73 MP: 9/9
  7422 | D:6      | Reached skill level 8 in Long Blades
  7549 | D:6      | Found a staircase to the Ecumenical Temple.
  7558 | Temple   | Entered the Ecumenical Temple
  7745 | Temple   | Became a worshipper of the Wu Jian Council
  9215 | D:7      | Identified a scroll of acquirement
  9215 | D:7      | Acquired the +0 cloak "Hear" {Will+ Dex+6 Stlth+}
  9264 | D:7      | Found a stormy altar of Qazlal.
  9266 | D:7      | Found a basalt altar of Yredelemnul.
  9457 | D:7      | Found an opulent altar of Gozag.
  9534 | D:8      | Reached skill level 9 in Long Blades
  9636 | D:8      | Noticed a two-headed ogre
  9647 | D:8      | Killed a two-headed ogre
  9648 | D:8      | Reached skill level 5 in Dodging
  9648 | D:8      | Reached XP level 10. HP: 18/84 MP: 10/10
 10219 | D:8      | Reached * piety under Wu Jian
 10659 | D:9      | HP: 4/84 [acid (15)]
 10669 | D:9      | Noticed a two-headed ogre
 11216 | D:9      | Killed a two-headed ogre
 11217 | D:9      | Reached skill level 10 in Long Blades
 11749 | D:9      | Found a staircase to the Orcish Mines.
 12048 | D:9      | HP: 2/85 [wyvern (9)]
 12048 | D:9      | Slain by a wyvern

Illustrated notes

Levels and vault maps discovered:
D:1:      lightli_arrival_flooded_house, layout_basic
D:2:      layout_basic, hellmonk_ecumenical_altar_arch_garden, minmay_ruptured
D:3:      layout_basic, minivault_4
D:4:      layout_basic, amcnicky_mini_pool_small, hex_medium
D:5:      layout_basic, dancing_weapons_uskayaw, serial_rivers,
          chequers_serial_rivers_small_3, chequers_serial_rivers_micro_a,
          chequers_serial_rivers_micro_b, chequers_serial_rivers_micro_c,
          hex_large, grunt_ministairs_2, kennysheep_generic_room_12, uniq_pikel
D:6:      lemuel_ice_spiral_2, layout_basic, minmay_temple_entry_proselytizer
D:7:      layout_basic, mainiacjoe_overflow_big_doors,
          nicolae_gozag_cash_rules_everything_around_me
D:8:      layout_loops_ring
D:9:      layout_rooms
Temple:   regret_index_temple_mists

Skill      XL: |  1  2  3  4  5  6  7  8  9 10 |
---------------+-------------------------------+-----
Dodging        | 1 2 3 4 5 6 |  6.0
Long Blades    | 3 4 5 6 7 9 10 | 10.6
Armour         | 3 4 5 6 |  6.0
Fighting       | 4 5 6 7 8 |  8.0
Shields        | 3 |  3.6

Action                   |  1- 3 |  4- 6 |  7- 9 | 10-12 || total
-------------------------+-------+-------+-------+-------++-------
Melee: Long sword        |   144 |    93 |   258 |   137 ||   632
       Tailslap          |    14 |    12 |    51 |    31 ||   108
Invok: Lunge             |       |       |     2 |     2 ||     4
       Whirlwind         |       |       |       |     5 ||     5
 Abil: Rolling Charge    |     1 |    19 |    30 |     9 ||    59
  Use: Scroll            |       |     8 |     9 |     8 ||    25
       Potion            |       |       |     5 |     3 ||     8
Armor: Scale mail        |   105 |    57 |    86 |       ||   248
       Leather armour    |       |       |    22 |    32 ||    54
Dodge: Dodged            |    43 |    26 |    80 |    55 ||   204
Block: Kite shield       |    89 |    52 |   108 |    70 ||   319
       Rpst.: Long sword |    15 |     8 |    30 |    18 ||    71

Table legend: (Time is in decaauts)
 A = Elapsed time spent in this place.
 B = Non-inter-level travel time spent in this place.
 C = Inter-level travel time spent in this place.
 D = Time resting spent in this place.
 E = Time spent auto-exploring this place.
 F = Levels seen in this place.
 G = Mean time per level.
                   A        B        C        D        E       F      G
               +--------+--------+--------+--------+--------+-----+--------+
         Total |  12299 |  11938 |    361 |   4088 |   5948 |  10 | 1229.9 |
       Dungeon |  12029 |  11720 |    309 |   4088 |   5762 |   9 | 1336.6 |
        Temple |    269 |    217 |     52 |      0 |    186 |   1 |  269.0 |
               +--------+--------+--------+--------+--------+-----+--------+

Top non-repeatable levels by time:
     D:8: 1992 daAuts
     D:5: 1780 daAuts
     D:6: 1423 daAuts
     D:1: 1373 daAuts
     D:7: 1305 daAuts
     D:3: 1216 daAuts
     D:4: 1199 daAuts
     D:2: 1152 daAuts
     D:9: 586 daAuts
  Temple: 269 daAuts
